 Dungeon Crawl Stone Soup version 0.14-a0-1765-g49ce880 (webtiles) character file.

287 Gorice the Magician (level 5, -2/38 HPs)
             Began as a Demigod Wanderer on Jan 5, 2014.
             Slain by a goblin
             ... wielding a +0,+0 elven dagger
              (5 damage)
             ... on Level 3 of the Dungeon.
             The game lasted 00:15:01 (1352 turns).

Gorice the Magician (Demigod Wanderer)              Turns: 1352, Time: 00:15:02

HP  -2/38        AC  2     Str 13      XL: 5   Next:  1%
MP  18/18        EV 11     Int 17      God:
Gold 122         SH 10     Dex 19      Spells:  1 memorised, 11 levels left

rFire  + . .     SeeInvis .     a - +0,+1 dwarf hand axe
rCold  . . .     Clarity  .     c - +0 robe
rNeg   . . .     Conserve .     u - +1 dwarf buckler
rPois  .         rCorr    .     (no helmet)
rElec  .         rRot     .     (no cloak)
SustAb . .       Spirit   .     (no gloves)
rMut   .         Warding  .     (no boots)
Saprov . . .     Stasis   .     (no amulet)
                                (no ring)
                                e - ring of protection from fire

@: slightly resistant to hostile enchantments, stealthy
A: no striking features
a: no special abilities


You were on level 3 of the Dungeon.
You were hungry.

You visited 1 branch of the dungeon, and saw 3 of its levels.

You collected 122 gold pieces.

Inventory:

Hand weapons
 a - a +0,+1 dwarven hand axe (weapon)
 b - a +2 blowgun
 f - a +0,+1 orcish mace
 q - a +0,+0 great mace
 r - a -1,+1 orcish club
Missiles
 h - 2 curare-tipped needles
 k - 4 needles of paralysis
 n - a tomahawk (quivered)
Armour
 c - a +0 robe (worn)
 u - a +1 dwarven buckler (worn)
 v - a +0 shield
Magical devices
 g - a wand of frost (18)
Comestibles
 d - 2 bread rations
 j - 2 pears
 l - 2 meat rations
 E - a sausage
Scrolls
 p - 2 scrolls of remove curse
 y - a scroll of enchant weapon II
Jewellery
 e - a ring of protection from fire (left hand)
Potions
 i - a potion of brilliance {unknown}
 m - a potion of paralysis {unknown}
 o - a potion of restore abilities {unknown}
 s - 3 potions of curing
 t - a potion of flight {unknown}
 x - a potion of beneficial mutation {unknown}


   Skills:
 - Level 1.0 Throwing
 + Level 0.6 Dodging
 - Level 2.6 Stealth
 + Level 0.5 Shields
 - Level 4.3 Spellcasting
   Level 1.7 Conjurations
   Level 1.0 Hexes
   Level 1.0 Summonings
   Level 1.0 Fire Magic
 + Level 0.1 Ice Magic


You had 11 spell levels left.
You knew the following spells:

 Your Spells              Type           Power        Failure   Level  Hunger
a - Freeze                Ice            #...         17%         1    None


Dungeon Overview and Level Annotations

Branches:
Dungeon (3/16)

Annotations:
D:3 Grinder


Message History

The orc priest mumbles some strange prayers to Beogh against you.
Something smites you!
The helpless orc wizard fails to defend itself.
You hit the orc wizard.
The orc wizard is moderately wounded.
You hit the orc priest.
The orc priest is almost dead.
The orc priest calls down the wrath of Beogh upon you.
Something smites you!
* * * LOW HITPOINT WARNING * * *
You hit the goblin.
The goblin is severely wounded.
The helpless orc wizard fails to defend itself.
You hit the orc wizard.
The orc wizard is heavily wounded.
You hit the orc priest.
You kill the orc priest!
You have reached level 5!
The goblin hits you with an elven dagger.
You die...

##### #... .#
....########.# .#
....'....#...##########.#
....####.#.#..........#.#
....# #.#............).#
##### #.#...#######....#
#.#...>..........#####o
#.#....((()............
#.#......@o..(..#.####.
#.#...#...g.....#... ##
#...............#...
.#########...#####.#...#...
........)..............#
.###########.#####.....# .#
#.............. .#
#.#.##########
.#########.#.#


You could see an orc wizard (paralysed) and a goblin.

Vanquished Creatures
  2 orc priests (D:3)
  6 adders (D:2)
  An inept feature mimic (D:3)
  An ooze (D:1)
  4 orcs (D:3)
  2 ball pythons
  3 giant cockroaches
  5 goblins
  7 hobgoblins
  A bat (D:1)
  2 giant geckos (D:2)
  A giant newt (D:2)
  3 kobolds (D:2)
  11 rats
49 creatures vanquished.

Notes
Turn   | Place    | Note
--------------------------------------------------------------
     0 | D:1      | Gorice, the Demigod Wanderer, began the quest for the Orb.
     0 | D:1      | Reached XP level 1. HP: 14/14 MP: 6/6
   129 | D:1      | Reached skill level 3 in Spellcasting
   227 | D:1      | Reached XP level 2. HP: 14/20 MP: 5/9
   548 | D:2      | Reached XP level 3. HP: 26/26 MP: 12/12
  1010 | D:2      | Reached skill level 4 in Spellcasting
  1010 | D:2      | Reached XP level 4. HP: 31/33 MP: 12/16
  1240 | D:3      | Noticed Grinder
  1352 | D:3      | Reached XP level 5. HP: 3/38 MP: 18/18
  1352 | D:3      | Slain by a goblin

Action                   |  1- 3 |  4- 6 || total
-------------------------+-------+-------++-------
Melee: Hand axe          |    54 |    38 ||    92
 Fire: Blowgun           |    15 |     5 ||    20
Throw: Tomahawk          |       |     4 ||     4
 Cast: Freeze            |    21 |     1 ||    22
Evoke: Wand              |     1 |       ||     1
  Use: Scroll            |     4 |     4 ||     8
       Potion            |     1 |     1 ||     2
 Stab: Paralysed         |     7 |    11 ||    18
       Sleeping          |     2 |       ||     2
